[Event "Titled Tuesday Blitz July 26 Early 2022"]
[White "Prestia, Paris"]
[Black "Jarmula, Lukasz"]
[WhiteFideId "30925959"]
[BlackFideId "1160664"]
[WhiteElo "2628"]
[BlackElo "2246"]
[Result "0-1"]
[Round "09"]
[TimeControl "180+1"]
[Date "2022.07.26"]
[WhiteClock "0:00:52"]
[BlackClock "0:01:37"]

1. e4 c6 2. d3 d5 3. Nd2 e5 4. Ngf3 Bd6 5. g3 Nf6 6. Bg2 O-O 7. O-O Re8 8. Re1 Nbd7 9. c3 Nc5 10. Qc2 dxe4 11. Nxe4 Ncxe4 12. dxe4 h6 13. Be3 Ng4 14. Bd2 Bc5 15. Re2 Be6 16. b3 Qc7 17. h3 Nf6 18. Be3 Bxe3 19. Rxe3 a5 20. a3 Nd7 21. Rb1 Nb6 22. a4 Nd7 23. Bf1 Rab8 24. Nd2 b5 25. Ra1 Nc5 26. axb5 cxb5 27. b4 Na4 28. bxa5 Qxa5 29. Bxb5 Qxb5 30. Qxa4 Qb2 31. Qa2 Bxa2 32. Rd1 Red8 0-1


[Site "https://www.chess.com"]

[Event "Titled Tuesday Blitz July 26 Early 2022"]
[White "Przybylski, Wojciech"]
[Black "Korchmar, Vasiliy"]
[WhiteFideId "1117599"]
[BlackFideId "24131750"]
[WhiteElo "2133"]
[BlackElo "2370"]
[Result "0-1"]
[Round "09"]
[TimeControl "180+1"]
[Date "2022.07.27"]
[WhiteClock "0:00:01"]
[BlackClock "0:01:18"]

1. d4 Nf6 2. Nf3 g6 3. g3 Bg7 4. Bg2 O-O 5. O-O d6 6. Re1 Bf5 7. Nbd2 d5 8. c4 c6 9. b3 a5 10. Bb2 a4 11. b4 a3 12. Bc3 Ne4 13. Nxe4 Bxe4 14. c5 Na6 15. b5 cxb5 16. Qb3 Nc7 17. e3 Ra4 18. Nd2 Bxg2 19. Kxg2 Qd7 20. Bb4 Rfa8 21. Nb1 e5 22. Rd1 exd4 23. exd4 Ne6 24. Nc3 Nxd4 25. Qxd5 Qxd5+ 26. Nxd5 Rd8 27. Ne7+ Kf8 28. c6 Rxb4 29. c7 Kxe7 30. cxd8=R Kxd8 31. Rd2 Kc7 32. Rad1 Kd6 33. Rd3 Ra4 34. Rb1 Kc5 35. Rc3+ Kd6 36. Rd3 f5 37. Re3 Bf6 38. Re8 Rc4 39. Rb8 Kc7 40. Ra8 b4 41. Ra4 Nc6 42. Rd1 Rc2 43. Ra8 Bd4 44. Rf8 Rxf2+ 0-1


[Site "https://www.chess.com"]

[Event "Titled Tuesday Blitz July 26 Early 2022"]
[White "Ramirez Vido, Robert Yorisan"]
[Black "Aggelis, Nikolaos"]
[WhiteFideId "3513823"]
[BlackFideId "4213220"]
[WhiteElo "2413"]
[BlackElo "2154"]
[Result "1-0"]
[Round "09"]
[TimeControl "180+1"]
[Date "2022.07.27"]
[WhiteClock "0:00:08"]
[BlackClock "0:00:06"]

1. Nf3 c5 2. g3 Nc6 3. Bg2 g6 4. O-O Bg7 5. d3 e6 6. e4 d6 7. Re1 Nge7 8. c3 O-O 9. d4 cxd4 10. cxd4 a6 11. a4 d5 12. e5 Qb6 13. g4 f6 14. exf6 Bxf6 15. Bh6 Re8 16. Be3 Qxb2 17. Na3 Qb4 18. Nc2 Qd6 19. Rb1 e5 20. dxe5 Nxe5 21. g5 Bg7 22. Bf4 N7c6 23. Nxe5 Nxe5 24. Qxd5+ Qxd5 25. Bxd5+ Be6 26. Bxe6+ Rxe6 27. Bxe5 Rxe5 28. Rxe5 Bxe5 29. Rxb7 Rc8 30. Ne3 Rf8 31. Ng4 Bd4 32. Rd7 Rf4 33. h3 a5 34. Rd5 Bg7 35. Rxa5 Bd4 36. Rd5 Bg7 37. a5 Ra4 38. Kg2 Kf8 39. Rb5 Ke8 40. Rb8+ Kf7 41. Rb7+ Kf8 42. Ra7 Bd4 43. Ra8+ Kg7 44. a6 Ra2 45. Rd8 Bb6 46. Rd7+ Kg8 47. Nf6+ Kf8 48. Nxh7+ Ke8 49. Nf6+ Kf8 50. Rh7 Rxa6 51. Rh8+ Kf7 52. Rh7+ Ke6 53. Rg7 Kf5 54. Ne8 Ra2 55. h4 Rxf2+ 56. Kg3 Ra2 57. Rf7+ Ke6 58. Rf6+ Ke7 59. Rxb6 Kxe8 60. Rxg6 Kf7 61. Rf6+ Kg7 62. Kg4 Rg2+ 63. Kh5 Ra2 64. Rg6+ Kh7 65. Rb6 Ra7 66. g6+ Kg7 67. Rb5 Ra6 68. Rb7+ Kg8 69. Kh6 Ra8 70. h5 Rc8 71. Rg7+ Kh8 72. Rd7 Ra8 73. Kg5 Ra5+ 74. Kh6 Ra8 75. Re7 Rb8 76. Kg5 Rb5+ 77. Kf6 Rb7 78. Rxb7 1-0


[Site "https://www.chess.com"]

[Event "Titled Tuesday Blitz July 26 Early 2022"]
[White "Rose, Felix"]
[Black "Winkels, Marcel"]
[WhiteFideId "5105722"]
[BlackFideId "1003887"]
[WhiteElo "2039"]
[BlackElo "1900"]
[Result "1-0"]
[Round "09"]
[TimeControl "180+1"]
[Date "2022.07.27"]
[WhiteClock "0:00:38"]
[BlackClock "0:00:01"]

1. d4 Nf6 2. Nc3 e6 3. Bf4 d6 4. e4 Be7 5. f3 Nbd7 6. Qd2 c5 7. Nge2 cxd4 8. Nxd4 e5 9. Nf5 exf4 10. Nxg7+ Kf8 11. Nf5 Ne5 12. Qxf4 Bxf5 13. exf5 Qb6 14. O-O-O Rc8 15. Bd3 Rg8 16. Qh6+ Ke8 17. g4 Nxf3 18. h3 d5 19. Rhf1 Bf8 20. Qf4 Nd4 21. Qxd4 Qxd4 22. Bb5+ Kd8 23. Rxd4 a6 24. Nxd5 Nxd5 25. Rxd5+ Kc7 26. Rd7+ Kb6 27. Bd3 Rc7 28. Rxc7 Kxc7 29. c4 Bh6+ 30. Kc2 Re8 31. h4 Bg7 32. f6 Bf8 33. Bxh7 Re2+ 34. Kc3 Rg2 35. Bf5 Rh2 36. h5 Bh6 37. Rd1 Kc6 38. a3 Bg5 39. Bd7+ Kc7 40. b4 Bxf6+ 41. Kb3 Rh3+ 42. Ka4 Bb2 43. b5 Rxa3+ 44. Kb4 a5+ 45. Kc5 Rg3 46. b6+ Kb8 47. Bf5 Ba3+ 48. Kb5 Rb3+ 49. Kxa5 Be7 50. Rd7 Bf6 51. Rxf7 Bc3+ 52. Ka4 Rb4+ 53. Ka3 Rxb6 54. g5 Bb4+ 55. Ka4 Bc3 56. h6 Rb4+ 57. Ka3 Rxc4 58. h7 Rc5 59. g6 Re5 60. Kb3 Rc5 61. g7 Bxg7 62. Rxg7 Rxf5 63. h8=Q+ 1-0


[Site "https://www.chess.com"]

[Event "Titled Tuesday Blitz July 26 Early 2022"]
[White "Rustemov, Alexander"]
[Black "Le, Tuan Minh"]
[WhiteFideId "4119002"]
[BlackFideId "12401153"]
[WhiteElo "2812"]
[BlackElo "2530"]
[Result "0-1"]
[Round "09"]
[TimeControl "180+1"]
[Date "2022.07.26"]
[WhiteClock "0:00:02"]
[BlackClock "0:00:08"]

1. d4 d5 2. c4 c6 3. Nc3 Nf6 4. e3 a6 5. Qc2 Bg4 6. Bd3 e6 7. b3 Nbd7 8. Bb2 Bd6 9. Nge2 Bh5 10. f3 Bg6 11. O-O-O b5 12. c5 Bc7 13. h4 b4 14. Na4 a5 15. g4 Bxd3 16. Qxd3 Qb8 17. h5 h6 18. Kb1 Qb5 19. Nc1 O-O-O 20. a3 Rhe8 21. axb4 axb4 22. Ba1 Qb7 23. Na2 e5 24. Qd2 e4 25. f4 Nxg4 26. Rh3 f5 27. Qxb4 Nf2 28. Rdh1 Qxb4 29. Nxb4 Kb7 30. Na2 Nf6 31. b4 N6g4 32. R1h2 Nxh2 33. Rxh2 Ng4 34. Rh3 Rg8 35. N4c3 g6 36. hxg6 Rxg6 37. Kc2 Nf2 38. Rh5 Rg2 39. Kb3 Ng4 40. Rxf5 Nxe3 41. Rf7 Nc4 42. b5 e3 43. bxc6+ Kxc6 44. Nb4+ Kb7 45. Nbxd5 Na5+ 46. Ka4 Rc8 47. Re7 Nc6 48. Rxe3 Ra8+ 49. Kb5 Rxa1 50. Kc4 Na5+ 51. Kd3 Nc6 52. Re6 Ra6 53. f5 Rg3+ 54. Kc4 Rg4 55. Nb5 Na5+ 56. Kd3 Rxe6 57. fxe6 Nc6 58. e7 Nxe7 59. Nxe7 Bd8 60. Nf5 h5 61. d5 h4 62. c6+ Kb6 63. Nbd4 h3 64. d6 h2 65. c7 Bxc7 66. dxc7 Kxc7 67. Ne3 h1=Q 68. Nxg4 Qd1+ 69. Ke4 Qxg4+ 70. Ke5 Qg5+ 71. Nf5 Kd7 72. Ke4 Ke6 73. Ne3 Qh4+ 74. Kd3 Ke5 75. Nc4+ Kd5 76. Ne3+ Kc5 77. Ke2 Qf4 78. Kd3 Qf3 79. Kd2 Kd4 80. Nc2+ Ke4 81. Kc1 Qc3 82. Kd1 Kd3 83. Ne1+ Ke3 84. Nc2+ Kf2 85. Kc1 Ke2 86. Kb1 Kd2 87. Na1 Qb4+ 88. Ka2 Kc3 0-1


[Site "https://www.chess.com"]

[Event "Titled Tuesday Blitz July 26 Early 2022"]
[White "Rychagov, Andrey"]
[Black "Ambartsumova, Karina"]
[WhiteFideId "4119932"]
[BlackFideId "4166299"]
[WhiteElo "2481"]
[BlackElo "2262"]
[Result "0-1"]
[Round "09"]
[TimeControl "180+1"]
[Date "2022.07.26"]
[WhiteClock "0:00:16"]
[BlackClock "0:00:19"]

1. d4 Nf6 2. c4 g6 3. Nc3 Bg7 4. e4 d6 5. Nf3 O-O 6. Be2 e5 7. O-O Nc6 8. d5 Ne7 9. Ne1 Nd7 10. Nd3 f5 11. Bd2 f4 12. b4 g5 13. c5 Nf6 14. f3 Ng6 15. Rc1 a6 16. a4 Rf7 17. a5 h5 18. cxd6 cxd6 19. Na4 g4 20. Nb6 gxf3 21. gxf3 Bh3 22. Nxa8 Nxe4 23. Kh1 Bxf1 24. Bxf1 Ng3+ 25. hxg3 fxg3 26. Bh3 Qh4 27. Kg2 e4 28. Ne1 Ne5 29. f4 Ng4 30. Rc7 Nf2 31. Be6 Qh2+ 32. Kf1 Nxd1 33. Bxf7+ Kh7 34. Ng2 Qh1+ 35. Ke2 Qxg2+ 36. Kxd1 Qf3+ 37. Kc2 g2 38. f5 g1=Q 39. Bg6+ Kg8 40. Rc8+ Bf8 0-1


[Site "https://www.chess.com"]

[Event "Titled Tuesday Blitz July 26 Early 2022"]
[White "Sadubayev, Airat"]
[Black "Erenberg, Ariel"]
[WhiteFideId "13713264"]
[BlackFideId "2811634"]
[WhiteElo "2163"]
[BlackElo "2243"]
[Result "0-1"]
[Round "09"]
[TimeControl "180+1"]
[Date "2022.07.26"]
[WhiteClock "0:00:03"]
[BlackClock "0:00:15"]

1. d4 Nf6 2. c4 e6 3. g3 d5 4. Nf3 Bb4+ 5. Bd2 Be7 6. Bg2 O-O 7. O-O c6 8. Qc2 b6 9. Rd1 Ba6 10. Ne5 Nfd7 11. cxd5 cxd5 12. e4 Nxe5 13. exd5 Be2 14. dxe5 Bxd1 15. Qxd1 exd5 16. Nc3 Nc6 17. Nxd5 Nxe5 18. Bc3 Bd6 19. f4 Ng6 20. f5 Ne5 21. f6 g6 22. Qd2 Kh8 23. Re1 Re8 24. Qh6 Bf8 25. Qg5 Nd3 26. Re7 Kg8 27. Qe3 Nc5 28. h4 Rc8 29. h5 Ne6 30. hxg6 hxg6 31. Bh3 Rc6 32. Be5 Qxd5 33. Rxe8 Qd1+ 34. Bf1 Rc1 35. Qf2 Ng5 36. Kg2 Qd5+ 37. Kh2 Nf3+ 38. Kh3 Nxe5 39. Bg2 Qd7+ 0-1


[Site "https://www.chess.com"]

[Event "Titled Tuesday Blitz July 26 Early 2022"]
[White "Schwabeneder, Florian"]
[Black "Fajdetic, Hrvoje"]
[WhiteFideId "1626191"]
[BlackFideId "14501945"]
[WhiteElo "2275"]
[BlackElo "2172"]
[Result "1-0"]
[Round "09"]
[TimeControl "180+1"]
[Date "2022.07.26"]
[WhiteClock "0:00:17"]
[BlackClock "0:00:10"]

1. e4 d5 2. exd5 Qxd5 3. Nf3 Bg4 4. Be2 Nf6 5. h3 Bh5 6. d4 e6 7. c4 Qd6 8. Nc3 c6 9. Qb3 Qc7 10. Bf4 Qb6 11. O-O Qxb3 12. axb3 Nbd7 13. Rfe1 Be7 14. d5 exd5 15. cxd5 O-O 16. dxc6 bxc6 17. g4 Bg6 18. Ba6 Bc5 19. Bb7 Rae8 20. Bxc6 Rxe1+ 21. Rxe1 Nb6 22. Ne5 Bc2 23. Na4 Bb4 24. Rc1 Bxb3 25. Nc5 Bd5 26. Bb5 Rc8 27. Ned3 Bxc5 28. Rxc5 Rxc5 29. Nxc5 Ne4 30. Nxe4 Bxe4 31. Bb8 Nc8 32. Ba6 Nb6 33. Bxa7 Na4 34. Bd4 f6 35. b3 1-0


[Site "https://www.chess.com"]

[Event "Titled Tuesday Blitz July 26 Early 2022"]
[White "Shimanov, Aleksandr"]
[Black "Vakhlamov, Igor L."]
[WhiteFideId "4198603"]
[BlackFideId "24126748"]
[WhiteElo "2605"]
[BlackElo "2401"]
[Result "1-0"]
[Round "09"]
[TimeControl "180+1"]
[Date "2022.07.26"]
[WhiteClock "0:00:09"]
[BlackClock "0:00:10"]

1. e4 c5 2. Nf3 Nc6 3. Nc3 g6 4. d4 cxd4 5. Nxd4 Bg7 6. Nxc6 bxc6 7. Bc4 d6 8. O-O Nf6 9. Re1 O-O 10. Bg5 Rb8 11. Bb3 Qc7 12. Qd2 Ba6 13. Rad1 Rfd8 14. h3 Qa5 15. Bxf6 Bxf6 16. Nd5 Qxd2 17. Nxf6+ Kg7 18. Rxd2 Kxf6 19. f4 e6 20. Rxd6 Rxd6 21. e5+ Ke7 22. exd6+ Kxd6 23. Re4 c5 24. Ra4 Rb6 25. c3 Kc7 26. Bd1 Kb8 27. b3 Rd6 28. Bf3 Bb7 29. Be2 Rd2 30. Bf1 h5 31. h4 Rc2 32. Rc4 Rxa2 33. Rxc5 Be4 34. b4 Kb7 35. Re5 Bf5 36. Re2 Ra1 37. Kf2 Rc1 38. Re3 Kb6 39. Be2 a5 40. bxa5+ Kxa5 41. Bf3 Kb6 42. Ke2 Kc5 43. Kd2 Rc2+ 44. Kd1 Kc4 45. Be2+ Kb3 46. c4+ Kb4 47. Re5 Rc3 48. Kd2 Rg3 49. Bf3 Kxc4 50. Ke3 Bg4 51. Kf2 Rxf3+ 52. gxf3 Bf5 53. Ke3 Bb1 54. Ra5 Bf5 55. Ra7 f6 56. Rd7 Kc5 57. Rd8 e5 58. Rf8 Kd5 59. Rxf6 Bb1 60. Rb6 exf4+ 61. Kxf4 Bc2 62. Rb8 Ke6 63. Kg5 Bd3 64. f4 Bf5 65. Rb6+ Ke7 66. Rxg6 Bxg6 67. Kxg6 Ke6 68. f5+ Ke5 69. f6 Kf4 70. f7 Kg4 71. f8=Q Kxh4 72. Qf4+ Kh3 73. Kxh5 Kg2 74. Kg4 Kh1 75. Qd2 Kg1 76. Kg3 Kh1 77. Qg2# 1-0


[Site "https://www.chess.com"]

[Event "Titled Tuesday Blitz July 26 Early 2022"]
[White "Shtyka, Sergey"]
[Black "Bryakin, Mikhail"]
[WhiteFideId "4138465"]
[BlackFideId "4165314"]
[WhiteElo "1995"]
[BlackElo "2422"]
[Result "1-0"]
[Round "09"]
[TimeControl "180+1"]
[Date "2022.07.27"]
[WhiteClock "0:00:07"]
[BlackClock "0:00:05"]

1. e4 g6 2. d4 Bg7 3. Nc3 d5 4. exd5 Nf6 5. Nf3 Nxd5 6. Nxd5 Qxd5 7. c4 Qd8 8. Be2 Bg4 9. Be3 Nc6 10. O-O O-O 11. d5 Bxf3 12. Bxf3 Ne5 13. Be2 c6 14. dxc6 Nxc6 15. Qxd8 Rfxd8 16. Bf3 Rac8 17. Rad1 Be5 18. b3 Bb8 19. Rxd8+ Rxd8 20. Rd1 Rxd1+ 21. Bxd1 f5 22. Bf3 Kf7 23. Bxc6 bxc6 24. Kf1 e5 25. f3 Ke6 26. Ke2 a6 27. Kd3 Bd6 28. h3 h5 29. Bf2 Bb4 30. Be3 Be1 31. Bg5 Bb4 32. Be3 Kd6 33. Bg5 Bc5 34. Bd2 Bg1 35. Bg5 Bf2 36. Bd2 Kc5 37. Bg5 Kb4 38. Bf6 Bd4 39. f4 c5 40. Bxe5 Bg1 41. Kc2 Ka3 42. Kb1 Be3 43. Bd6 Kb4 44. Kc2 Ka3 45. Kb1 Kb4 46. Be5 Ka3 47. Bb2+ Kb4 48. Bc1 Bxc1 49. Kxc1 Kc3 50. g3 h4 51. gxh4 a5 52. Kb1 Kd3 53. Kb2 Ke3 54. a3 Kxf4 55. b4 cxb4 56. axb4 axb4 57. Kb3 Ke4 58. Kxb4 f4 59. c5 Kd5 60. c6 f3 61. c7 f2 62. c8=Q f1=Q 63. Qd7+ Ke4 64. Qg4+ Ke5 65. Qxg6 Qxh3 66. Qg5+ Ke6 67. Qg6+ Ke5 68. Qg5+ Kd4 69. Qf4+ Kd3 70. Qc4+ Kd2 71. Qd4+ Ke2 72. Qc4+ Ke1 73. Qc3+ Qxc3+ 74. Kxc3 Ke2 75. h5 Ke3 76. h6 Ke4 77. h7 Ke5 78. h8=Q+ 1-0


[Site "https://www.chess.com"]

[Event "Titled Tuesday Blitz July 26 Early 2022"]
[White "Simonovic, Miroslav"]
[Black "Rios Escobar, Adan"]
[WhiteFideId "919152"]
[BlackFideId "3403645"]
[WhiteElo "2043"]
[BlackElo "2404"]
[Result "0-1"]
[Round "09"]
[TimeControl "180+1"]
[Date "2022.07.27"]
[WhiteClock "0:00:09"]
[BlackClock "0:00:11"]

1. d4 Nf6 2. Bg5 c5 3. Bxf6 exf6 4. c3 cxd4 5. cxd4 Qb6 6. Qc2 Nc6 7. e3 d5 8. Nd2 Nb4 9. Qb3 Bf5 10. Rc1 Be7 11. Ngf3 O-O 12. Be2 Rac8 13. O-O Bc2 14. Rxc2 Nxc2 15. Qxd5 Qxb2 16. Rb1 Nb4 17. Qxb7 Rc1+ 18. Rxc1 Qxc1+ 19. Nf1 Bd6 20. Qxa7 Qb2 21. Bc4 Nc2 22. e4 Bb8 23. Qd7 Qb6 24. e5 fxe5 25. Nxe5 Qxd4 26. Bxf7+ Kh8 27. Qe7 Qd6 28. Qxd6 Bxd6 29. f4 Bxe5 30. fxe5 Rxf7 31. Nd2 Ne3 32. Nf3 Ra7 33. h3 Rxa2 34. g4 Rg2+ 35. Kh1 Rg3 36. Ng5 h6 37. Nf7+ Kg8 38. e6 Kf8 39. Nd6 Rxh3+ 40. Kg1 Rg3+ 41. Kf2 Rxg4 42. Kxe3 Rg6 43. Kf4 Rxe6 44. Nc4 Rf6+ 45. Kg4 Kf7 46. Ne5+ Ke6 47. Nc4 Kd5 48. Ne3+ Ke4 49. Nc4 Rg6+ 50. Kh4 Rc6 51. Nd2+ Ke3 52. Nf1+ Kf4 53. Nh2 Rc1 54. Kh3 Rh1 55. Kg2 Rxh2+ 56. Kxh2 g5 57. Kg2 h5 58. Kf2 g4 59. Kg2 h4 60. Kf2 h3 61. Kg1 g3 62. Kh1 Kf3 63. Kg1 g2 64. Kh2 Kf2 65. Kxh3 g1=Q 66. Kh4 Qg6 67. Kh3 Qg3# 0-1


[Site "https://www.chess.com"]

[Event "Titled Tuesday Blitz July 26 Early 2022"]
[White "Skliarov, Viktor"]
[Black "Seo, Jung Min"]
[WhiteFideId "14106736"]
[BlackFideId "1734687"]
[WhiteElo "2257"]
[BlackElo "2414"]
[Result "0-1"]
[Round "09"]
[TimeControl "180+1"]
[Date "2022.07.26"]
[WhiteClock "0:00:02"]
[BlackClock "0:01:21"]

1. e4 c5 2. Nf3 d6 3. d4 Nf6 4. Nc3 cxd4 5. Qxd4 a6 6. Be3 Nc6 7. Qd2 Bg4 8. O-O-O e6 9. h3 Bh5 10. g4 Bg6 11. Bd3 Qa5 12. Kb1 Be7 13. Nd4 Nxd4 14. Bxd4 b5 15. f4 b4 16. f5 bxc3 17. Bxc3 Qc7 18. fxg6 hxg6 19. h4 Nxg4 20. Bxg7 Rh7 21. Bc3 Bf6 22. Bxf6 Nxf6 23. Qg5 Qe7 24. e5 dxe5 25. Qxe5 Rh5 26. Qg3 Kf8 27. Rdf1 Kg7 28. Rhg1 Rh6 29. Qe5 Rh5 30. Qc3 e5 31. Qc6 Rd8 32. Rg5 Rxh4 33. Rfg1 e4 34. Bc4 Rd6 35. Qc8 e3 36. Bxf7 Qxf7 37. Rxg6+ Qxg6 38. Rxg6+ Kxg6 39. a4 e2 0-1


[Site "https://www.chess.com"]

[Event "Titled Tuesday Blitz July 26 Early 2022"]
[White "Srihari L R"]
[Black "Dubov, Daniil"]
[WhiteFideId "46617116"]
[BlackFideId "24126055"]
[WhiteElo "2170"]
[BlackElo "2791"]
[Result "0-1"]
[Round "09"]
[TimeControl "180+1"]
[Date "2022.07.26"]
[WhiteClock "0:00:01"]
[BlackClock "0:00:43"]

1. d4 Nf6 2. Bg5 d5 3. Nd2 g6 4. Bxf6 exf6 5. e3 f5 6. g3 Nd7 7. Bg2 Nf6 8. Ne2 h5 9. h4 c6 10. O-O Bd6 11. c4 Be6 12. cxd5 Bxd5 13. Bxd5 Nxd5 14. Qb3 Rb8 15. Nc4 O-O 16. Nc3 Nf6 17. Rfd1 b5 18. Ne5 Qc7 19. Nxg6 Bxg3 20. Ne2 Bxf2+ 21. Kh1 Ng4 22. Nef4 Bxe3 23. Rf1 Rfe8 24. Ne5 Bxd4 25. Nxg4 hxg4 26. Qd3 Re4 27. Nh5 Re3 28. Qxe3 Bxe3 29. Rxf5 Bd4 30. Rd1 c5 31. b4 Re8 32. bxc5 Qc6+ 33. Kh2 Re2+ 34. Kg3 Qg2+ 35. Kf4 Rf2+ 0-1


[Site "https://www.chess.com"]

[Event "Titled Tuesday Blitz July 26 Early 2022"]
[White "Stanisz, Patryk"]
[Black "D`Arruda, Ricardo D."]
[WhiteFideId "1123106"]
[BlackFideId "100692"]
[WhiteElo "1833"]
[BlackElo "2449"]
[Result "1-0"]
[Round "09"]
[TimeControl "180+1"]
[Date "2022.07.27"]
[WhiteClock "0:00:05"]
[BlackClock "0:00:08"]

1. d4 Nf6 2. c4 e5 3. dxe5 Ne4 4. e3 Nc6 5. a3 a5 6. Nf3 d6 7. Bd3 Nc5 8. Bc2 dxe5 9. Qxd8+ Kxd8 10. Nc3 Be6 11. b3 a4 12. b4 Nb3 13. Bxb3 axb3 14. Bb2 Bxc4 15. b5 Na5 16. Nxe5 Bd6 17. O-O-O Ke7 18. Nxc4 Nxc4 19. a4 c6 20. bxc6 bxc6 21. Rd4 Nxb2 22. Kxb2 Rhb8 23. Rhd1 Bb4 24. Re4+ Kf8 25. Rc4 Be7 26. Rxc6 Bf6 27. Ra1 Ra5 28. Ra3 Rd5 29. Rxb3 Rd2+ 30. Ka3 Ra8 31. Rb5 Rxf2 32. Ne4 Be7+ 33. Kb3 Re2 34. Rc3 Rxg2 35. Nc5 Rxh2 36. Nd7+ Kg8 37. Nb6 Rb8 38. Nd5 Rxb5+ 39. axb5 Bf8 40. Rc8 Rh1 41. Ne7+ Kh8 42. Rxf8# 1-0


[Site "https://www.chess.com"]

[Event "Titled Tuesday Blitz July 26 Early 2022"]
[White "Suleymanli, Aydin"]
[Black "Gunina, Valentina"]
[WhiteFideId "13413937"]
[BlackFideId "4167570"]
[WhiteElo "2481"]
[BlackElo "2386"]
[Result "0-1"]
[Round "09"]
[TimeControl "180+1"]
[Date "2022.07.26"]
[WhiteClock "0:00:02"]
[BlackClock "0:00:12"]

1. c4 c6 2. d4 d5 3. cxd5 cxd5 4. Nc3 Nf6 5. Bf4 Nc6 6. e3 a6 7. Bd3 Bg4 8. f3 Bd7 9. g4 e6 10. Rc1 Be7 11. h4 O-O 12. Nge2 b5 13. Kf2 Ne8 14. g5 Nd6 15. Qg1 Nc4 16. b3 Nb2 17. Bb1 b4 18. Nd1 Nxd1+ 19. Qxd1 Na7 20. Qd3 g6 21. Qxa6 Bb5 22. Qb7 Bxe2 23. Kxe2 Bd6 24. Bd3 Bxf4 25. exf4 Qd6 26. Qc7 Nc8 27. Bb1 Qxc7 28. Rxc7 Nd6 29. Rc5 Rfb8 30. Rhc1 Nb5 31. Ke3 Nc3 32. R1xc3 bxc3 33. Kd3 Kg7 34. Kxc3 h6 35. a4 hxg5 36. hxg5 Rh8 37. a5 Rh3 38. Bd3 Rxf3 39. b4 Rxf4 40. a6 Rg4 41. b5 Rg3 42. Rc7 Kf8 43. a7 Kg7 44. b6 Rxg5 45. b7 Rxa7 46. b8=Q Ra3+ 47. Kb4 Rxd3 48. Rc8 Rxd4+ 49. Kb5 Rh5 50. Rg8+ Kf6 51. Qd8+ Kf5 52. Rf8 Rh7 53. Qd6 Rf4 54. Kc6 Kg5 55. Qe5+ Rf5 56. Qg3+ Kf6 57. Kd6 d4 58. Qg4 Rd5+ 59. Kc6 Kg7 60. Re8 Rh1 0-1


[Site "https://www.chess.com"]

[Event "Titled Tuesday Blitz July 26 Early 2022"]
[White "Svane, Frederik"]
[Black "Olivares Olivares, Claudio"]
[WhiteFideId "12923044"]
[BlackFideId "3400786"]
[WhiteElo "2459"]
[BlackElo "2249"]
[Result "1-0"]
[Round "09"]
[TimeControl "180+1"]
[Date "2022.07.26"]
[WhiteClock "0:01:36"]
[BlackClock "0:02:05"]

1. a3 Nf6 2. d4 c5 3. Nf3 cxd4 4. Nxd4 e5 5. Nf3 e4 6. Nd4 d5 7. e3 Bd6 8. b3 Nc6 9. Bb2 O-O 10. Nd2 Ne5 11. Be2 a6 12. h3 Re8 13. Nf1 Bd7 14. Ng3 Rc8 15. Qd2 g6 16. O-O h5 17. Rfd1 h4 18. Nf1 Rc7 19. Rac1 Qc8 20. Nh2 g5 21. Bf1 g4 22. hxg4 Nfxg4 23. Nxg4 Bxg4 24. Ne2 Kh7 25. Qxd5 Rc6 26. Qxe4+ f5 27. Qd5 Rg8 28. Bxe5 1-0


[Site "https://www.chess.com"]

[Event "Titled Tuesday Blitz July 26 Early 2022"]
[White "Tatarinov, Dmitry"]
[Black "Ozkan, Taha"]
[WhiteFideId "24160067"]
[BlackFideId "34577173"]
[WhiteElo "2302"]
[BlackElo "2024"]
[Result "0-1"]
[Round "09"]
[TimeControl "180+1"]
[Date "2022.07.26"]
[WhiteClock "0:00:07"]
[BlackClock "0:00:14"]

1. d4 d5 2. c4 c6 3. Nf3 e6 4. e3 Bd6 5. Nbd2 f5 6. Bd3 Nf6 7. b3 Nbd7 8. Bb2 Ne4 9. a3 O-O 10. Qc2 Qf6 11. h4 Qg6 12. Rg1 Ndf6 13. Ne5 Bxe5 14. dxe5 Ng4 15. Bxe4 fxe4 16. Rf1 Qf5 17. O-O-O Qh5 18. Nb1 Qxh4 19. g3 Qh2 20. Nc3 Rxf2 21. Rxf2 Nxf2 22. Rd2 Nd3+ 23. Qxd3 Qxg3 24. Qe2 Bd7 25. Nxe4 Qh4 26. Nc5 Be8 27. Nxe6 Bh5 28. Qg2 Qe1+ 29. Kc2 Bg6+ 30. Kc3 Qxe3+ 31. Kb4 a5+ 32. Ka4 b5+ 33. cxb5 cxb5+ 34. Kxb5 Rb8+ 35. Kc6 Qb6+ 36. Kxd5 Qxb3+ 37. Kd4 Qxe6 38. Ke3 Qb3+ 39. Kf2 Rf8+ 40. Kg1 Qb6+ 41. Bd4 Qb1+ 42. Kh2 Qf5 43. Rf2 Qh5+ 44. Kg1 Qd1+ 45. Kh2 Qxd4 46. Rxf8+ Kxf8 47. Qa8+ Ke7 48. Qa6 Qxe5+ 49. Kg1 Qd4+ 50. Kh2 Qd6+ 0-1


[Site "https://www.chess.com"]

[Event "Titled Tuesday Blitz July 26 Early 2022"]
[White "Valmana Canto, Jaime"]
[Black "Lehtosaari, Mauri"]
[WhiteFideId "2268990"]
[BlackFideId "501999"]
[WhiteElo "2256"]
[BlackElo "2498"]
[Result "0-1"]
[Round "09"]
[TimeControl "180+1"]
[Date "2022.07.27"]
[WhiteClock "0:00:02"]
[BlackClock "0:00:23"]

1. e4 c5 2. Nf3 e6 3. g3 Nc6 4. Bg2 Nf6 5. Qe2 d6 6. O-O Be7 7. c3 e5 8. d4 cxd4 9. cxd4 Bg4 10. dxe5 dxe5 11. Qb5 Qc7 12. h3 Bxf3 13. Bxf3 O-O 14. Be3 a6 15. Qa4 b5 16. Qc2 Rac8 17. Bg2 Nb4 18. Qxc7 Rxc7 19. Na3 Nc2 20. Nxc2 Rxc2 21. Rab1 Rfc8 22. Rfc1 h6 23. Bf3 Kf8 24. Kf1 Bb4 25. a3 Rxc1+ 26. Rxc1 Rxc1+ 27. Bxc1 Bc5 28. Ke2 Bd4 29. Bg2 Ke7 30. f4 Nd7 31. Bf1 Kd6 32. Kf3 f6 33. Kg4 g6 34. h4 h5+ 35. Kf3 Nc5 36. f5 gxf5 37. exf5 e4+ 38. Ke2 Ke5 39. Bh3 Nd3 40. Bh6 Bxb2 41. g4 hxg4 42. Bxg4 Bc1 43. Bg7 Nf4+ 44. Kd1 Bxa3 45. h5 Nxh5 46. Bxh5 Kxf5 47. Be8 Ke5 48. Bc6 Bc5 49. Bb7 a5 50. Ba6 b4 51. Bb5 Ke6 52. Bc6 f5 53. Ba4 Bd6 54. Bb3+ Kd7 55. Bd4 Kc6 56. Ba4+ Kc7 57. Ke2 Bf4 58. Bf6 Bd6 59. Bb2 Bc5 60. Bg7 Kd6 61. Bb2 Kd5 62. Bb3+ Kc6 63. Bf6 Kb5 64. Be6 a4 65. Bd7+ Ka5 66. Bxf5 e3 67. Be4 a3 68. Bc2 Kb5 69. Bb3 Bb6 70. Bd4 Bxd4 71. Kd3 Bc5 72. Ke2 Kb6 73. Kd3 Kc7 74. Ke2 Kd6 75. Kd3 Ke5 76. Ke2 Ke4 0-1


[Site "https://www.chess.com"]

[Event "Titled Tuesday Blitz July 26 Early 2022"]
[White "Vlassov, Nikolai"]
[Black "Ladan, Nicholas"]
[WhiteFideId "4103360"]
[BlackFideId "30918855"]
[WhiteElo "2324"]
[BlackElo "2167"]
[Result "1-0"]
[Round "09"]
[TimeControl "180+1"]
[Date "2022.07.27"]
[WhiteClock "0:00:31"]
[BlackClock "0:00:04"]

1. e4 e5 2. Bc4 Nf6 3. d3 Nc6 4. Nf3 h6 5. Nc3 d6 6. h3 g6 7. Be3 Bg7 8. Qd2 a6 9. O-O-O Na5 10. a3 Nxc4 11. dxc4 Be6 12. c5 dxc5 13. Qxd8+ Rxd8 14. Bxc5 Nd7 15. Be3 f5 16. Nd5 Bxd5 17. Rxd5 Ke7 18. Rhd1 c6 19. Rd6 Bf6 20. exf5 gxf5 21. g3 c5 22. R6d5 b6 23. c4 Ke6 24. Rd6+ Ke7 25. b4 e4 26. Ne1 Be5 27. R6d5 Ke6 28. Ng2 Rh7 29. Nf4+ Bxf4 30. Bxf4 Re7 31. Bxh6 cxb4 32. Bg5 Ree8 33. Bxd8 Rxd8 34. axb4 a5 35. bxa5 bxa5 36. c5 Rc8 37. Rxd7 Rxc5+ 38. Kb2 Rb5+ 39. Ka3 Rb7 40. Rxb7 1-0


[Site "https://www.chess.com"]

[Event "Titled Tuesday Blitz July 26 Early 2022"]
[White "Xu, Yi"]
[Black "Richter, Nils"]
[WhiteFideId "8605564"]
[BlackFideId "12990809"]
[WhiteElo "2471"]
[BlackElo "2311"]
[Result "1/2-1/2"]
[Round "09"]
[TimeControl "180+1"]
[Date "2022.07.26"]
[WhiteClock "0:00:02"]
[BlackClock "0:00:04"]

1. e4 c5 2. Nf3 d6 3. d4 cxd4 4. Nxd4 Nf6 5. Nc3 a6 6. f3 e5 7. Nb3 Be6 8. Be3 h5 9. Nd5 Bxd5 10. exd5 Nbd7 11. Qd2 g6 12. O-O-O Nb6 13. Qa5 Nfd7 14. Kb1 Bh6 15. Bf2 O-O 16. g4 hxg4 17. fxg4 Rc8 18. h4 Bf4 19. g5 Nc4 20. Qe1 b5 21. h5 a5 22. hxg6 fxg6 23. Bd3 a4 24. Nd4 Nc5 25. Nc6 Qb6 26. Bxc5 Qxc5 27. Qe4 Rf5 28. Ne7+ Kf7 29. Nxf5 Qb4 30. Bxc4 bxc4 31. Rh7+ Ke8 32. Rh8+ Kd7 33. Rxc8 a3 34. Rb8 Qxb8 35. b3 gxf5 36. Qxf5+ Kc7 37. Qe4 cxb3 38. Qc4+ Kd7 39. Qxb3 Qc7 40. g6 Ke7 41. g7 Kf7 42. Rg1 Kg8 43. Qb5 Qd8 44. c4 Be3 45. Rg3 Bf4 46. Rg2 Qc8 47. Qc6 Qf5+ 48. Rc2 Kxg7 49. Qxd6 Qd3 50. Qe7+ Kg6 51. Qe6+ Kg5 52. Qe7+ Kg6 53. Qe8+ Kg7 54. Qe7+ Kg6 1/2-1/2


[Site "https://www.chess.com"]